 Dungeon Crawl Stone Soup version 0.25-a0-302-g9f758675c1 (webtiles) character file.

Game seed: 12950725103739365805, levelgen mode: deterministic

49 mopl the Insei (level 3, -1/29 HPs)
             Began as a Mummy Monk on Dec 20, 2019.
             Slain by an orc
             ... wielding a +0 short sword
              (3 damage)
             ... on level 2 of the Dungeon.
             The game lasted 00:02:16 (2515 turns).

mopl the Insei (Mummy Monk)                         Turns: 2515, Time: 00:02:16

Health: -1/29      AC:  0    Str: 14    XL:     3   Next: 51%
Magic:  3/3        EV: 13    Int:  9    God:
Gold:   145        SH:  0    Dex: 15    Spells: 2/2 levels left

rFire    x . .     SeeInvis .     - Unarmed
rCold    + . .     Gourm    .   (no shield)
rNeg     + + +     Faith    .   (no armour)
rPois    ∞         Spirit   .   (no helmet)
rElec    .         Reflect  .   (no cloak)
rCorr    .         Harm     .   (no gloves)
MR       .....                  (no boots)
Stlth    ++........             (no amulet)
HPRegen  0.09/turn              (no ring)
MPRegen  0.08/turn              (no ring)

@: no status effects
A: no food or potions, fire vulnerability, cold resistance 1, negative energy
resistance 3, torment resistance, unbreathing
a: no special abilities


You were on level 2 of the Dungeon.
You were not hungry.

You visited 1 branch of the dungeon, and saw 3 of its levels.

You collected 145 gold pieces.

Inventory:

Jewellery
 d - an uncursed ring of ice
Scrolls
 a - 2 scrolls of amnesia {unknown}
 b - 2 scrolls of identify {unknown}
 c - 3 scrolls of teleportation {unknown}
 e - a scroll of blinking {unknown}
 f - a scroll of fog {unknown}
 g - a scroll of remove curse {unknown}
 h - a scroll of enchant armour {unknown}


   Skills:
 + Level 3.1 Fighting
 + Level 2.5 Dodging
 - Level 1.5 Stealth
 * Level 3.6 Unarmed Combat


You had 2 spell levels left.
You didn't know any spells.
Your spell library was empty.

Dungeon Overview and Level Annotations

Branches:
Dungeon (3/15)

Altars:
Ru
Sif Muna

Annotations:
D:3 Natasha


Innate Abilities, Weirdness & Mutations

You do not eat or drink.
Your flesh is vulnerable to fire.
You are immune to poison.
Your flesh is cold resistant. (rC+)
You are immune to negative energy. (rN+++)
You are immune to unholy pain and torment.
You can survive without breathing.


Message History

You barely miss the orc.
The orc is moderately wounded.
You hit the orc but do no damage.
The orc is moderately wounded.
The orc hits you but does no damage.
You hit the orc but do no damage.
The orc is moderately wounded.
The orc closely misses you.
You hit the orc.
The orc is moderately wounded.
The orc hits you with a +0 short sword.
* * * LOW HITPOINT WARNING * * *
You hit the orc but do no damage.
The orc is moderately wounded.
The orc hits you with a +0 short sword.
* * * LOW HITPOINT WARNING * * *
You hit the orc.
The orc is almost dead.
The orc hits you with a +0 short sword.
You die...

#.# #.# ####. #.#
########## #.#######.
#.# #.......†#
#......... #.#
#.######.# ##########
####.# #.# #.#
#.........
..##.########.#### #.#
#.###.###.
#.##.##..........# #.#
#[# #.# #.
#.##.##..####.##.###.#
#.# #.###. .........#
#....@o...# #.# #.....
.###'###.# #..##.##..#
#.# #.###. .# #.# #.#
#.........# #.# #.# #.
.###.###.# #.#####..##
#.###.###. .'.[_###.#
#.#####..# #.(.......
.###.###.# #.##.....#
#####.#### .# #.# #.#
#........# ##.#
.###+###.# ####.##..#
#.[# .........#
####.##..# #.##


You could see an orc.

Vanquished Creatures
  An adder (D:2)
  2 worms (D:2)
  A leopard gecko (D:1)
  5 giant cockroaches
  2 goblins (D:1)
  4 hobgoblins
  A quokka (D:2)
  A ball python (D:1)
  5 bats
  3 frilled lizards
  3 kobolds
  6 rats
34 creatures vanquished.

Notes
Turn   | Place    | Note
-------+----------+-------------------------------------------
     0 | D:1      | mopl the Mummy Monk began the quest for the Orb.
     0 | D:1      | Reached XP level 1. HP: 18/18 MP: 1/1
   516 | D:1      | Reached XP level 2. HP: 24/24 MP: 2/2
   532 | D:1      | Reached skill level 3 in Unarmed Combat
  1207 | D:2      | Found a sacrificial altar of Ru.
  1761 | D:2      | Reached XP level 3. HP: 26/29 MP: 3/3
  2178 | D:2      | Found a shimmering blue altar of Sif Muna.
  2495 | D:3      | Noticed Natasha
  2515 | D:2      | Slain by an orc

Levels and vault maps discovered:
D:1:      dpeg_arrival_concentric_ovals, layout_basic
D:2:      layout_loops_corners, overflow_temple_1_default, lemuel_doored_altar
D:3:      layout_rooms, first_ration, st_stairs_7, uniq_natasha

Skill      XL: |  1  2 |
---------------+-------+-----
Unarmed Combat | 3 |  3.6
Fighting       | |  3.1
Dodging        | |  2.5
Stealth        | |  1.5

Action                   || total
-------------------------++-------
Melee: Unarmed           ||   141
       Punch             ||     2
 Stab: Sleeping          ||     5
Dodge: Dodged            ||    71

Table legend:
 A = Non-vault XP
 B = Vault XP
 C = Vault XP percentage of total XP
 D = Non-vault monster count
 E = Vault monster count
 F = Vault count percentage of total count
                 A         B        C        D         E       F
            +---------+---------+-------+---------+---------+-------
      Total |      70 |       0 |   0.0 |      34 |       0 |   0.0
            +---------+---------+-------+---------+---------+-------
        D:1 |      21 |       0 |   0.0 |      14 |       0 |   0.0
        D:2 |      49 |       0 |   0.0 |      20 |       0 |   0.0
            +---------+---------+-------+---------+---------+-------
